 Dungeon Crawl Stone Soup version 0.26-a0-1213-gd52f5182fe (webtiles) character file.

Game seed: 16229882629173044843

381602 sahdkjhfkaj the Petrodigitator (level 22, -28/140 HPs)
             Began as a Gargoyle Earth Elementalist on Dec 30, 2020.
             Was the Champion of Vehumet.
             Killed from afar by Jory (76 damage)
             ... with a crystal spear
             ... on level 5 of the Vaults.
             The game lasted 02:41:40 (95040 turns).

sahdkjhfkaj the Petrodigitator (GrEE)              Turns: 95040, Time: 02:41:41

Health: -28/140    AC: 29    Str: 15    XL:     22   Next: 90%
Magic:  41/45      EV: 13    Int: 30    God:    Vehumet [******]
Gold:   2905       SH: 12    Dex:  6    Spells: 7/51 levels left

rFire    + + .     SeeInvis +   a - +8 whip of Spite {venom, +Blink rPois Dex-4 SInv}
rCold    + + +     Faith    .   z - +3 buckler {reflect}
rNeg     + + +     Spirit   .   K - +2 robe {rC+ rF+}
rPois    ∞         Reflect  +   S - +1 hat
rElec    +         Harm     .   V - scarf {rC+ rF+}
rCorr    .         Rampage  .   s - +2 pair of gloves {archery}
Will     +....                  L - +0 pair of boots
Stlth    +.........             N - amulet "Ytsaenin" {Reflect rN+ Int+2 SH+5}
HPRegen  0.33/turn              I - ring "Tiaskob" {rN+ MP+9 SInv}
MPRegen  0.29/turn              g - ring "Zualu" {rC+ Int+5}

@: flying, slowed, studying Evocations, very slow
A: big wings, icy blue scales 1, yellow scales 1, low mp 1, negative energy
resistance 1, electricity resistance, unbreathing, petrification resistance,
miasma immunity, MP-powered wands, AC +16
}: 2/15 runes: barnacled, gossamer
a: Stop Flying, Renounce Religion, Evoke Blink


You were on level 5 of the Vaults.
You worshipped Vehumet.
Vehumet was exalted by your worship.
You visited 8 branches of the dungeon, and saw 40 of its levels.
You also visited: Gauntlet.

You collected 4082 gold pieces.
You spent 1177 gold pieces at shops.

Inventory:

Hand Weapons
 a - the +8 whip of Spite (weapon) {venom, +Blink rPois Dex-4 SInv}
   (You found it on level 13 of the Dungeon)

   It poisons the flesh of those it strikes.
   It affects your dexterity (-4).
   It protects you from poison.
   It lets you see invisible.
   It lets you blink.
Armour
 s - a +2 pair of gloves of archery (worn)
 z - a +3 buckler of reflection (worn)
 K - a +2 robe of resistance (worn)
 L - a +0 pair of boots (worn)
 S - a +1 hat (worn)
 V - a scarf of resistance (worn)
Jewellery
 g - the ring "Zualu" (right hand) {rC+ Int+5}
   (You found it in a Gauntlet)

   [ring of protection from cold]

   It affects your intelligence (+5).
   It protects you from cold.
 I - the ring "Tiaskob" (left hand) {rN+ MP+9 SInv}
   (You acquired it on level 1 of the Orcish Mines)

   [ring of see invisible]

   It protects you from negative energy.
   It affects your magic capacity (+9).
   It lets you see invisible.
 N - the amulet "Ytsaenin" (around neck) {Reflect rN+ Int+2 SH+5}
   (You took it off a minotaur in a Gauntlet)

   [amulet of reflection]

   It shields you and reflects attacks.
   It affects your intelligence (+2).
   It protects you from negative energy.
   It affects your SH (+5).
Wands
 t - a wand of paralysis (64)
 B - a wand of enslavement (26)
 F - a wand of digging (20)
 O - a wand of polymorph (36)
 T - a wand of random effects (28)
 U - a wand of acid (36)
 X - a wand of iceblast (19)
Scrolls
 c - 2 scrolls of holy word
 f - 10 scrolls of identify
 i - 4 scrolls of blinking
 o - 13 scrolls of fear
 p - 5 scrolls of teleportation {!r}
 q - 11 scrolls of enchant weapon
 w - 7 scrolls of magic mapping
 x - 5 scrolls of immolation
 D - 3 scrolls of brand weapon
 H - 19 scrolls of remove curse
 M - 3 scrolls of enchant armour
 P - a scroll of summoning {!r}
 Q - 5 scrolls of fog
 Y - 2 scrolls of vulnerability
Potions
 d - 12 potions of curing
 e - 4 potions of attraction
 h - 6 potions of brilliance
 j - 9 potions of might
 m - 4 potions of heal wounds
 n - 7 potions of mutation
 u - 6 potions of haste
 v - 3 potions of magic
 C - 3 potions of cancellation
 E - 2 potions of ambrosia
 G - 4 potions of resistance
 J - 2 potions of invisibility
 R - 4 potions of lignification
Books
 W - a manual of Evocations
Miscellaneous
 b - a phantom mirror
 A - a condenser vane


   Skills:
 - Level 15.0 Fighting
 + Level 6.2 Dodging
 - Level 2.1 Stealth
 - Level 4.0 Shields
 - Level 15.0 Spellcasting
 - Level 15.0 Conjurations
 - Level 8.0 Hexes
 - Level 5.0 Necromancy
 - Level 3.0 Translocations
 - Level 5.1 Transmutations
 - Level 3.0 Fire Magic
 - Level 2.1 Air Magic
 O Level 27 Earth Magic
 - Level 5.0 Poison Magic
 - Level 15.0 Evocations


You had 7 spell levels left.
You knew the following spells:

 Your Spells              Type           Power        Failure   Level
a - Orb of Destruction    Conj           42%          1%          7
b - Yara's Violent Unrav  Hex/Tmut       29%          1%          5
c - Lehudib's Crystal Sp  Conj/Erth      49%          1%          8
e - Borgnjor's Vile Clut  Necr/Erth      43%          1%          5
q - Passwall              Tmut/Erth      72%          0%          2
r - Iron Shot             Conj/Erth      49%          1%          6
B - Blink                 Tloc           N/A          1%          2
H - Shatter               Erth           55%          1%          9

Your spell library contained the following spells:

 Spells                   Type           Power        Failure   Level
 Ignition                 Fire           20%          100%        8
 Absolute Zero            Ice            11%          100%        9
 Fire Storm               Conj/Fire      33%          100%        9
 Magic Dart               Conj           100%         0%          1
 Sandblast                Erth           100%         0%          1
 Searing Ray              Conj           100%         0%          2
 Stone Arrow              Conj/Erth      100%         0%          3
 Leda's Liquefaction      Hex/Erth       45%          0%          4
 Lee's Rapid Deconstruct  Erth           55%          0%          5
 Animate Skeleton         Necr           100%         1%          1
 Apportation              Tloc           80%          1%          1
 Corona                   Hex            70%          1%          1
 Freeze                   Ice            88%          1%          1
 Shock                    Conj/Air       100%         1%          1
 Sting                    Tmut/Pois      100%         1%          1
 Summon Small Mammal      Summ           88%          1%          1
 Ensorcelled Hibernation  Hex/Ice        92%          1%          2
 Poisonous Vapours        Pois/Air       88%          1%          2
 Slow                     Hex            63%          1%          2
 Swiftness                Air            35%          1%          2
 Confusing Touch          Hex            63%          1%          3
 Dazzling Flash           Conj/Hex       100%         1%          3
 Frozen Ramparts          Ice            44%          1%          3
 Gell's Gravitas          Tloc           20%          1%          3
 Ignite Poison            Fire/Tmut/Pois 48%          1%          3
 Inner Flame              Hex/Fire       53%          1%          3
 Lesser Beckoning         Tloc           20%          1%          3
 Mephitic Cloud           Conj/Pois/Air  61%          1%          3
 Portal Projectile        Hex/Tloc       100%         1%          3
 Static Discharge         Conj/Air       65%          1%          3
 Summon Guardian Golem    Hex/Summ       46%          1%          3
 Teleport Other           Tloc           40%          1%          3
 Tukima's Dance           Hex            63%          1%          3
 Cause Fear               Hex            31%          1%          4
 Fulminant Prism          Conj/Hex       37%          1%          4
 Hailstorm                Conj/Ice       61%          1%          4
 Iskenderun's Mystic Bla  Conj/Tloc      66%          1%          4
 Olgreb's Toxic Radiance  Pois           51%          1%          4
 Petrify                  Tmut/Erth      87%          1%          4
 Bolt of Magma            Conj/Fire/Erth 42%          1%          5
 Iskenderun's Battlesphe  Conj           85%          1%          5
 Lightning Bolt           Conj/Air       32%          1%          5
 Airstrike                Air            17%          2%          4
 Ozocubu's Armour         Ice            22%          6%          3
 Passage of Golubria      Tloc           N/A          6%          4
 Silence                  Hex/Air        26%          7%          5
 Ice Form                 Ice/Tmut       37%          8%          4
 Alistair's Intoxication  Tmut/Pois      34%          8%          5
 Freezing Cloud           Conj/Ice/Air   27%          9%          6
 Metabolic Englaciation   Hex/Ice        23%          11%         5
 Invisibility             Hex            63%          12%         6
 Summon Ice Beast         Ice/Summ       22%          21%         4
 Spellforged Servitor     Conj/Summ      30%          21%         7
 Ozocubu's Refrigeration  Ice            11%          58%         6
 Dispersal                Tloc           20%          67%         6
 Simulacrum               Ice/Necr       18%          75%         6
 Dragon Form              Tmut           26%          91%         7
 Shadow Creatures         Summ           N/A          97%         6
 Malign Gateway           Summ/Tloc      15%          100%        7
 Monstrous Menagerie      Summ           11%          100%        7
 Summon Greater Demon     Summ           11%          100%        7
 Discord                  Hex            31%          99%         8
 Disjunction              Tloc           20%          100%        8
 Summon Horrible Things   Summ           11%          100%        8
 Tornado                  Air            17%          100%        9
 Statue Form              Tmut/Erth      Unusable     N/A         6

Dungeon Overview and Level Annotations

Branches:
Dungeon (15/15)            Temple (1/1) D:7            Lair (6/6) D:8
 Shoals (4/4) Lair:2       Spider (4/4) Lair:2        Slime (0/5) Lair:5
    Orc (2/2) D:11            Elf (3/3) Orc:2        Vaults (5/5) D:14
  Crypt (0/3) Vaults:3     Depths (0/5) D:15        Gauntlet (visited)

Altars:
Ashenzari
Cheibriados
Dithmenos
Elyvilon
Fedhas
Gozag
Hepliaklqana
Kikubaaqudgha
Makhleb
Nemelex Xobeh
Okawaru
Qazlal
Ru
Sif Muna
Trog
Uskayaw
Vehumet
Wu Jian
Xom
Yredelemnul
Zin
The Shining One
Beogh
Jiyva
Lugonu

Shops:
D:12 [   Orc:1 ?*   Orc:2 [?(:   Elf:2 (   Vaults:1 *

Portals:
Abyss: Shoals:2

Annotations:
D:5 2 transporters, Menkaure
Spider:1 3 runed translucent doors, iishen's ghost, adept CeHu
Elf:2 3 runed translucent doors
Vaults:5 Jory


Innate Abilities, Weirdness & Mutations

You are resistant to torment.
Your stone body is resilient. (AC +16)
You are immune to poison.
Your large and strong wings let you fly indefinitely.
You resist negative energy. (rN+)
You are resistant to electric shocks. (rElec)
You can survive without breathing.
You are immune to petrification.
You are immune to miasma.
You are partially covered in icy blue scales. (AC +2)
You are partially covered in yellow scales. (AC +2)
Your magical capacity is low. (-10% MP)
You expend magic power (3 MP) to strengthen your wands.


Message History

Jory casts a spell.
Jory attempts to bespell you! You resist with almost no effort.
Found 19 stones.
You feel much better.
You feel much better.
The phantasmal warrior blinks!
Jory blinks!
You feel much better.
Jory sheds a single tear.
Jory casts a spell at you. The crystal spear hits you!!!
* * * LOW HITPOINT WARNING * * *
The phantasmal warrior barely misses you.
An ettin comes into view.
It is wielding a +0 dire flail of holy wrath and a +0 dire flail.
Jory smirks, showing shining fangs.
You hear a shout!
You feel much better.
The phantasmal warrior hits you but does no damage.
Jory gestures at you while chanting. The crystal spear hits you!!!!
Ouch! That really hurt!
You die...

...........c
[.[[[.....).
.[[.[).W....
..<<[.[..../
[<..WW.......
..<<§[[......
[.[...W......
..[[[.......#######
..[[......9.W.V.@.#
...........W.u..W.#
..[..........###..#
.............# #..#
.#.......# #.C#
#.......# #...
######..# #... u..#
###+# ...#


You could see Jory, a green very ugly thing, an ettin, a war gargoyle, a
phantasmal warrior and 2 freezing wraiths.

Vanquished Creatures
  Sojobo (Vaults:3)
  Bai Suzhen (Spider:3)
  A tentacled monstrosity (Vaults:5)
  Rupert (D:12)
  Jorgrun (Spider:1)
  2 deep elf blademasters (Elf:3)
  2 deep elf master archers (Elf:3)
  Polyphemus (Shoals:4)
  A kraken (Shoals:4)
  A sphinx (Vaults:4)
  Frances (D:12)
  Kirke (Spider:1)
  2 tengu reavers (Vaults:3)
  Roxanne (Spider:2)
  Donald (Shoals:3)
  Ilsuiw (Shoals:2)
  A frost giant (Vaults:3)
  13 vault wardens
  2 orc warlords
  8 deep elf sorcerers (Elf:3)
  Aizul (Spider:2)
  4 ghost moths
  5 emperor scorpions
  A ghoul (Vaults:5)
  12 ironheart preservers
  4 deep elf elementalists
  3 stone giants
  6 deep elf demonologists
  2 vampire knights (Vaults:3)
  3 entropy weavers
  6 deep elf annihilators
  A spark wasp (Spider:4)
  A minotaur (Gauntlet)
  4 merfolk javelineers
  A green death (Gauntlet)
  7 deep elf death magi (Elf:3)
  2 deep elf high priests (Elf:3)
  An ettin (Vaults:3)
  3 fire dragons
  6 yaktaur captains
  9 merfolk impalers
  33 vault guards
  A rakshasa (D:15)
  10 hydras
  11 ogre magi
  Harold (D:9)
  2 boulder beetles
  An ice dragon (D:14)
  2 great orbs of eyes
  2 catoblepae
  12 centaur warriors
  Fannar (D:9)
  6 merfolk aquamancers
  An alligator (Shoals:3)
  9 death yaks
  41 two-headed ogres
  A queen ant (Lair:2)
  2 merfolk avatars (Shoals:3)
  A satyr (Shoals:4)
  A death knight (Vaults:5)
  A deep troll shaman (Vaults:1)
  13 dancing weapons
  A deep troll earth mage (Vaults:1)
  Sonja (Lair:4)
  13 deep elf knights
  A shadow wraith (Vaults:4)
  4 skeletal warriors (Vaults:1)
  14 deep trolls
  4 unseen horrors
  16 deep elf archers
  13 sea snakes
  4 flayed ghosts
  3 glowing orange brains
  2 wizards (Vaults:1)
  A harpy (shapeshifter) (Vaults:2)
  8 ironbrand convokers
  8 orc knights
  Pikel (D:7)
  2 necromancers
  14 harpies
  32 ugly things
  A mana viper (shapeshifter) (Elf:3)
  A shining eye (shapeshifter) (D:15)
  19 orb spiders
  An obsidian statue (Vaults:4)
  13 manticores
  5 orc sorcerers
  6 cyclopes
  2 fauns
  49 deep elf magi
  31 wolf spiders
  A moth of wrath (Spider:4)
  9 vault sentinels
  2 centaur zombies
  An orange demon (Gauntlet)
  7 water nymphs
  2 torpor snails
  7 black mambas
  9 merfolk sirens
  12 elephants (Lair:4)
  A cane toad (shapeshifter) (D:9)
  32 cane toads
  3 rime drakes
  6 komodo dragons
  24 yaktaurs
  9 freezing wraiths
  16 demonic crawlers
  10 trolls
  3 meliai (D:14)
  A troll (shapeshifter) (Vaults:1)
  31 jumping spiders
  2 wind drakes (shapeshifter)
  A polar bear (Vaults:1)
  10 hornets
  5 tyrant leeches
  8 wind drakes
  33 merfolk
  A hornet (shapeshifter) (Vaults:3)
  Grinder (D:5)
  23 slime creatures
  6 dream sheep
  A harpy skeleton (D:15)
  24 blink frogs
  9 snapping turtles
  65 redbacks
  2 air elementals (Elf:2)
  A tarantella (shapeshifter) (D:14)
  A shadow (D:11)
  A vampire (D:12)
  40 tarantellas
  6 wyverns
  4 fire elementals
  6 hogs
  59 yaks
  A fire bat (shapeshifter) (Elf:3)
  2 humans
  18 water elementals
  6 wraiths
  6 vampire mosquitoes
  8 basilisks
  A yaktaur simulacrum (Vaults:2)
  12 soldier ants
  7 wargs
  3 acid dragons
  11 water moccasins
  An eye of draining (D:10)
  5 sky beasts
  Purgy (D:3)
  2 ice beasts
  An ettin simulacrum (Vaults:1)
  33 orc warriors
  6 necrophages
  A hornet zombie (D:8)
  3 black bears
  4 small abominations (Gauntlet)
  6 phantoms
  4 boggarts (Vaults:2)
  42 ogres
  A wolf (Lair:3)
  14 centaurs
  4 lemures (D:8)
  A big kobold (D:12)
  42 bullfrogs
  3 wyvern zombies
  An earth elemental (Elf:1)
  2 wyvern skeletons
  A water moccasin zombie (D:6)
  A scorpion (shapeshifter) (Vaults:2)
  2 scorpions
  16 killer bees
  11 wights
  3 howler monkeys (D:14)
  3 electric eels
  A quasit (D:5)
  A bullfrog zombie (D:12)
  7 centaur skeletons
  9 hounds
  6 jellies
  24 orc priests
  39 orc wizards
  A bullfrog skeleton (D:8)
  4 iguanas
  Ijyb (D:3)
  40 worker ants
  4 hound zombies
  A hound skeleton (D:6)
  A howler monkey zombie (D:8)
  2 worker ant zombies
  A howler monkey skeleton (D:8)
  15 adders
  2 shadow imps
  5 white imps
  3 ufetubi
  3 oozes
  An adder zombie (D:8)
  3 adder skeletons
  4 worms
  6 leopard geckos
  107 orcs
  A ball python (D:3)
  4 bats
  6 giant cockroaches
  5 goblins
  3 hobgoblins
  10 jackals
  12 kobolds
  5 quokkas
  4 frilled lizards
  A jackal skeleton (D:8)
  A leopard gecko skeleton (D:4)
  A leopard gecko zombie (D:5)
  A quokka skeleton (D:5)
  7 rats
  A bush (D:6)
  4 crawling corpses (Elf:3)
  3 lurking horrors (Shoals:2)
  7 plants
1698 creatures vanquished.

Vanquished Creatures (others)
  A deep elf mage (Elf:1)
  An electric eel (Elf:3)
  8 bushes
  A demonic plant (Gauntlet)
  58 fungi
  199 plants
  8 tentacles (Shoals:4)
276 creatures vanquished.

Grand Total: 1974 creatures vanquished

Notes
Turn   | Place    | Note
-------+----------+-------------------------------------------
     0 | D:1      | sahdkjhfkaj the Gargoyle Earth Elementalist began the quest
                  | for the Orb.
     0 | D:1      | Reached XP level 1. HP: 10/10 MP: 3/3
   121 | D:1      | Reached XP level 2. HP: 11/15 MP: 0/5
   266 | D:1      | Reached skill level 4 in Earth Magic
   615 | D:1      | Reached XP level 3. HP: 19/19 MP: 3/6
   993 | D:2      | Upgraded the game from 0.26-a0-1205-g4083c211ab to
                  | 0.26-a0-1213-gd52f5182fe
   996 | D:2      | Reached skill level 5 in Earth Magic
  1116 | D:2      | Learned a level 2 spell: Passwall
  1165 | D:2      | Reached XP level 4. HP: 24/24 MP: 2/7
  1295 | D:2      | Found a glowing golden altar of the Shining One.
  1696 | D:3      | Reached skill level 6 in Earth Magic
  1799 | D:3      | Found a glowing golden altar of the Shining One.
  1833 | D:3      | Reached XP level 5. HP: 26/28 MP: 1/8
  1924 | D:3      | Found a shimmering altar of Xom.
  1924 | D:3      | Found a bloodstained altar of Trog.
  1927 | D:3      | Found a glowing golden altar of the Shining One.
  1927 | D:3      | Found a burning altar of Makhleb.
  1927 | D:3      | Found a burning altar of Makhleb.
  1988 | D:3      | Noticed Purgy
  1994 | D:3      | Killed Purgy
  1995 | D:3      | Reached skill level 7 in Earth Magic
  1995 | D:3      | Reached XP level 6. HP: 25/32 MP: 4/9
  2076 | D:3      | Noticed Ijyb
  2084 | D:3      | Learned a level 5 spell: Lee's Rapid Deconstruction
  2096 | D:3      | Killed Ijyb
  2235 | D:3      | Reached skill level 8 in Earth Magic
  2664 | D:3      | Found a sparkling altar of Nemelex Xobeh.
  3039 | D:3      | Gained mutation: You are partially covered in yellow
                  | scales. (AC +2) [potion of mutation]
  3039 | D:3      | Gained mutation: Your magical capacity is low. (-10% MP)
                  | [potion of mutation]
  3039 | D:3      | Gained mutation: You expend magic power (3 MP) to
                  | strengthen your wands. [potion of mutation]
  3039 | D:3      | Gained mutation: You are partially covered in icy blue
                  | scales. (AC +2) [potion of mutation]
  3155 | D:4      | Noticed a phantom
  3195 | D:3      | Found a bloodstained altar of Trog.
  3712 | D:4      | Reached XP level 7. HP: 36/36 MP: 7/9
  3724 | D:4      | Got a jewelled hunting sling
  3725 | D:4      | Identified the cursed +1 hunting sling "Amnegu" {flame, rC+
                  | rN+ Int+6 Dex-5} (You found it on level 4 of the Dungeon)
  3772 | D:4      | Reached skill level 9 in Earth Magic
  4865 | D:5      | Entered Level 5 of the Dungeon
  5240 | D:5      | Reached XP level 8. HP: 35/41 MP: 1/10
  5251 | D:5      | Reached skill level 10 in Earth Magic
  5435 | D:5      | Found a transporter.
  5436 | D:5      | Found a transporter.
  5436 | D:5      | Noticed a wraith
  5599 | D:5      | Noticed Grinder
  5603 | D:5      | Killed Grinder
  5604 | D:5      | Reached skill level 11 in Earth Magic
  5924 | D:5      | Found an ancient bone altar of Kikubaaqudgha.
  5926 | D:5      | Found a basalt altar of Yredelemnul.
  5928 | D:5      | Noticed Menkaure
  5941 | D:5      | Noticed a vampire
  6218 | D:6      | Found a stormy altar of Qazlal.
  6316 | D:6      | Reached skill level 12 in Earth Magic
  6417 | D:6      | Reached XP level 9. HP: 45/45 MP: 0/11
  6905 | D:6      | Found a blossoming altar of Fedhas.
  7086 | D:6      | Reached skill level 13 in Earth Magic
  7914 | D:6      | Reached skill level 14 in Earth Magic
  8693 | D:7      | Reached skill level 15 in Earth Magic
  8702 | D:7      | Reached XP level 10. HP: 50/50 MP: 2/13
  8798 | D:7      | Found a hide-covered altar of Uskayaw.
  9186 | D:7      | Found a staircase to the Ecumenical Temple.
  9296 | D:7      | Found a sparkling altar of Nemelex Xobeh.
  9296 | D:7      | Found an opulent altar of Gozag.
  9731 | Temple   | Entered the Ecumenical Temple
  9982 | Temple   | Became a worshipper of Vehumet
 10062 | D:8      | Reached skill level 5 in Spellcasting
 11343 | D:8      | Noticed Pikel
 11420 | D:7      | Killed Pikel
 11895 | D:8      | Reached * piety under Vehumet
 11895 | D:8      | Offered knowledge of Magic Dart by Vehumet.
 12030 | D:8      | Noticed a two-headed ogre
 12040 | D:8      | Killed a two-headed ogre
 12281 | D:8      | Found a staircase to the Lair.
 12283 | D:8      | Noticed a death yak
 12308 | D:7      | Killed a death yak
 12309 | D:7      | Reached XP level 11. HP: 48/54 MP: 0/21
 12435 | D:8      | Noticed a death yak
 12435 | D:8      | Noticed a death yak
 12436 | D:8      | Noticed a death yak
 12436 | D:8      | Noticed a death yak
 12448 | D:7      | Killed a death yak
 12604 | D:7      | Killed a death yak
 12605 | D:7      | Reached skill level 10 in Spellcasting
 12605 | D:7      | Reached skill level 1 in Fighting
 12708 | D:7      | Killed a death yak
 12843 | D:8      | Noticed a death yak
 12883 | D:8      | Killed a death yak
 13092 | D:8      | Killed a death yak
 13093 | D:8      | Reached skill level 5 in Fighting
 13093 | D:8      | Reached skill level 1 in Transmutations
 13093 | D:8      | Reached skill level 1 in Evocations
 14482 | D:9      | Found a broken altar of Ashenzari.
 14918 | D:9      | Noticed Harold
 14974 | D:9      | Killed Harold
 14975 | D:9      | Reached skill level 5 in Evocations
 15156 | D:9      | Found a shimmering blue altar of Sif Muna.
 15184 | D:9      | Found a sacrificial altar of Ru.
 15727 | D:9      | Offered knowledge of Freeze by Vehumet.
 15727 | D:9      | Reached ** piety under Vehumet
 15729 | D:9      | Reached skill level 5 in Conjurations
 15729 | D:9      | Reached XP level 12. HP: 68/68 MP: 13/23
 15875 | D:10     | Entered Level 10 of the Dungeon
 15917 | D:10     | Noticed Fannar
 16068 | D:9      | Killed Fannar
 17109 | D:10     | Reached skill level 10 in Conjurations
 17819 | Lair:1   | Entered Level 1 of the Lair of Beasts
 18686 | Lair:1   | Offered knowledge of Conjure Flame by Vehumet.
 19088 | Lair:2   | Noticed an eight-headed hydra
 19103 | Lair:2   | Killed an eight-headed hydra
 19346 | Lair:2   | Found a staircase to the Shoals.
 19539 | Lair:2   | Found a hole to the Spider Nest.
 19867 | Lair:2   | Learned a level 5 spell: Borgnjor's Vile Clutch
 20479 | Lair:3   | Noticed a six-headed hydra
 20488 | Lair:3   | Killed a six-headed hydra
 20628 | Lair:3   | Reached skill level 1 in Necromancy
 20777 | Lair:3   | Noticed a six-headed hydra
 20782 | Lair:3   | Killed a six-headed hydra
 20926 | Lair:2   | Reached XP level 13. HP: 57/72 MP: 2/24
 21174 | Lair:3   | Reached *** piety under Vehumet
 21487 | Lair:2   | Reached skill level 5 in Necromancy
 21956 | Lair:3   | Offered knowledge of Inner Flame by Vehumet.
 22532 | Spider:1 | Entered Level 1 of the Spider Nest
 22740 | Lair:3   | Reached **** piety under Vehumet
 22819 | Lair:3   | Offered knowledge of Bolt of Magma by Vehumet.
 22935 | Lair:3   | Learned a level 5 spell: Bolt of Magma
 23491 | Lair:4   | Reached skill level 1 in Fire Magic
 23963 | Lair:4   | Noticed Sonja
 23967 | Lair:4   | Killed Sonja
 25102 | Lair:5   | Reached skill level 10 in Fighting
 25457 | Lair:5   | Found a staircase to the Slime Pits.
 25866 | Lair:5   | Gained mutation: Your large and strong wings let you fly
                  | indefinitely. [Gargoyle growth]
 25866 | Lair:5   | Reached XP level 14. HP: 88/88 MP: 8/25
 26025 | Lair:5   | Reached skill level 16 in Earth Magic
 27196 | Lair:6   | Entered Level 6 of the Lair of Beasts
 27439 | Lair:5   | Learned a level 5 spell: Yara's Violent Unravelling
 28005 | Lair:5   | Reached skill level 1 in Hexes
 28267 | Lair:5   | Found a staircase to the Slime Pits.
 28690 | Lair:5   | Found a staircase to the Slime Pits.
 29435 | D:11     | Found a gate leading to a gauntlet.
 29439 | Gauntlet | Entered a Gauntlet
 29439 | Gauntlet | Found a transporter.
 29447 | Gauntlet | Found a transporter.
 29450 | Gauntlet | Found a transporter.
 29461 | Gauntlet | Found a transporter.
 29462 | Gauntlet | Found a transporter.
 29468 | Gauntlet | Found a runed translucent gate.
 29470 | Gauntlet | Found a runed translucent gate.
 29470 | Gauntlet | Found a transporter.
 29471 | Gauntlet | Found a runed translucent gate.
 29474 | Gauntlet | Found a transporter.
 29485 | Gauntlet | Found a transporter.
 29486 | Gauntlet | Found a transporter.
 29494 | Gauntlet | Found a transporter.
 29527 | Gauntlet | Found a transporter.
 29539 | Gauntlet | Found a transporter.
 29551 | Gauntlet | Found a transporter.
 29563 | Gauntlet | Found a transporter.
 29853 | Gauntlet | Got a pitted steel ring
 29855 | Gauntlet | Identified the ring "Zualu" {rC+ Int+5} (You found it in a
                  | Gauntlet)
 30025 | Gauntlet | Identified the amulet "Ytsaenin" {Reflect rN+ Int+2 SH+5}
 30097 | Gauntlet | Identified the Reference Book on Dusty Curses
 30106 | Gauntlet | Learned a level 6 spell: Iron Shot
 30271 | D:11     | Reached ***** piety under Vehumet
 30431 | D:11     | Offered knowledge of Fireball by Vehumet.
 31428 | D:11     | Found a staircase to the Orcish Mines.
 31747 | D:12     | Noticed Frances
 31751 | D:12     | Killed Frances
 32250 | D:12     | Noticed Rupert
 32255 | D:12     | Killed Rupert
 32256 | D:12     | Reached skill level 5 in Hexes
 32256 | D:12     | Reached skill level 5 in Transmutations
 32339 | D:12     | Found a viscous altar of Jiyva.
 32764 | D:12     | Found a shimmering altar of Xom.
 32794 | D:12     | Found Waleukadgh's Armour Shop.
 33647 | D:13     | Offered knowledge of Olgreb's Toxic Radiance by Vehumet.
 33656 | D:13     | Reached XP level 15. HP: 81/92 MP: 0/26
 34723 | D:13     | Got an ancient whip
 34724 | D:13     | Identified the +8 whip of Spite {venom, +Blink rPois Dex-4
                  | SInv} (You found it on level 13 of the Dungeon)
 35482 | D:14     | Reached skill level 17 in Earth Magic
 35812 | D:14     | Found a gate to the Vaults.
 37159 | D:15     | Entered Level 15 of the Dungeon
 37591 | D:15     | Reached skill level 18 in Earth Magic
 38541 | D:15     | Found a white marble altar of Elyvilon.
 38786 | D:15     | Found a staircase to the Depths.
 38993 | Orc:1    | Entered Level 1 of the Orcish Mines
 38993 | Orc:1    | Found Loshraido's General Store.
 40287 | Lair:6   | Reached skill level 19 in Earth Magic
 41700 | Lair:6   | Reached XP level 16. HP: 91/97 MP: 2/27
 42117 | Lair:6   | Found the +9 sword of Zonguldrok {reap}
 42519 | Lair:6   | Reached skill level 20 in Earth Magic
 42943 | Shoals:1 | Entered Level 1 of the Shoals
 43101 | Shoals:1 | Offered knowledge of Freezing Cloud by Vehumet.
 45206 | Shoals:2 | Reached skill level 5 in Dodging
 46048 | Shoals:2 | Found a corrupted altar of Lugonu.
 46114 | Shoals:2 | Noticed Ilsuiw
 46619 | Shoals:2 | Found a one-way gate to the infinite horrors of the Abyss.
 47424 | Shoals:2 | Killed Ilsuiw
 48412 | Shoals:3 | Noticed Donald
 48422 | Shoals:3 | Killed Donald
 48720 | Shoals:3 | Offered knowledge of Orb of Destruction by Vehumet.
 48730 | Shoals:3 | Learned a level 8 spell: Disjunction
 48757 | Shoals:3 | Learned a level 7 spell: Orb of Destruction
 50053 | Shoals:4 | Entered Level 4 of the Shoals
 50792 | Spider:1 | You are sucked into a shaft and drop 1 floor!
 50793 | Spider:2 | Identified Roxanne's Incunabulum of Changing
 50793 | Spider:2 | Noticed Roxanne
 50807 | Spider:1 | Found a runed translucent gate.
 50807 | Spider:1 | Found a runed translucent gate.
 50812 | Spider:1 | Found a runed translucent gate.
 50825 | Spider:1 | Reached XP level 17. HP: 59/102 MP: 11/29
 51004 | Spider:1 | Noticed iishen's ghost (adept CeHu)
 51712 | Spider:1 | Noticed Jorgrun
 51715 | Spider:1 | Killed Jorgrun
 53064 | D:11     | Reached skill level 10 in Evocations
 53403 | Orc:1    | Found Qaawkix's Magic Scroll Boutique.
 53414 | Orc:1    | Bought a scroll of acquirement for 572 gold pieces
 53414 | Orc:1    | Acquired the ring "Tiaskob" {rN+ MP+9 SInv}
 54084 | Orc:2    | Entered Level 2 of the Orcish Mines
 54332 | Orc:1    | Learned a level 5 spell: Silence
 55114 | Orc:2    | Reached skill level 1 in Air Magic
 55157 | Orc:2    | Found a staircase to the Elven Halls.
 55461 | Orc:2    | Offered knowledge of Spellforged Servitor by Vehumet.
 55976 | Orc:2    | Found Besesexu's Antique Weapon Emporium.
 55977 | Orc:2    | Found a roughly hewn altar of Beogh.
 55978 | Orc:2    | Found Yqeklyfe's Antique Armour Shoppe.
 56054 | Orc:2    | Found a roughly hewn altar of Beogh.
 56190 | Orc:2    | Found Yruniase's Magic Scroll Shop.
 56393 | Orc:2    | Found a roughly hewn altar of Beogh.
 56671 | Orc:2    | Found a roughly hewn altar of Beogh.
 56692 | Orc:2    | Found Caughuz's Book Emporium.
 56824 | Orc:2    | Bought a Young Poisoner's Handbook for 560 gold pieces
 56829 | Orc:2    | Learned a level 4 spell: Olgreb's Toxic Radiance
 57136 | Spider:1 | Reached skill level 1 in Poison Magic
 57454 | Spider:2 | Noticed Aizul
 57763 | Spider:2 | Noticed Kirke
 58057 | Spider:1 | Killed Kirke
 58175 | Spider:1 | Offered knowledge of Ozocubu's Refrigeration by Vehumet.
 58176 | Spider:1 | Reached skill level 5 in Poison Magic
 58179 | Spider:1 | Reached skill level 15 in Conjurations
 58478 | Spider:2 | Killed Roxanne
 58554 | Spider:2 | Killed Aizul
 58720 | Spider:2 | Identified the Incunabulum of the Mountains and the Oath
 59616 | Spider:3 | Reached XP level 18. HP: 85/107 MP: 27/31
 60494 | Spider:3 | Learned a level 9 spell: Shatter
 61218 | Spider:4 | Entered Level 4 of the Spider Nest
 61383 | Spider:4 | Noticed Bai Suzhen
 61924 | Spider:3 | Killed Bai Suzhen
 62186 | Spider:4 | Offered knowledge of Lehudib's Crystal Spear by Vehumet.
 62213 | Spider:3 | Reached skill level 21 in Earth Magic
 64863 | Spider:4 | Got a gossamer rune of Zot
 66367 | Shoals:4 | Reached skill level 22 in Earth Magic
 67714 | Shoals:4 | Reached XP level 19. HP: 112/112 MP: 8/32
 67850 | Shoals:4 | Noticed Polyphemus
 68075 | Shoals:4 | Killed Polyphemus
 68582 | Shoals:4 | Reached skill level 23 in Earth Magic
 69143 | Shoals:4 | Identified the amulet "Lisywnun" {RegenMP +Fly} (You found
                  | it on level 4 of the Shoals)
 69357 | Shoals:4 | Got a barnacled rune of Zot
 70188 | Elf:1    | Entered Level 1 of the Elven Halls
 70346 | Elf:1    | Reached ****** piety under Vehumet
 71120 | Elf:1    | Reached skill level 24 in Earth Magic
 72573 | Elf:2    | Found Riakhole's Weapon Shoppe.
 73189 | Elf:2    | Found a runed translucent gate.
 73189 | Elf:2    | Found a runed translucent gate.
 73192 | Elf:2    | Found a runed translucent gate.
 73337 | Elf:3    | Entered Level 3 of the Elven Halls
 75390 | Elf:3    | Reached skill level 25 in Earth Magic
 75753 | Elf:3    | Identified the cursed ring of Plog {rC+ rN+ Str+2 Dex-4}
 75755 | Elf:3    | Reached XP level 20. HP: 117/117 MP: 14/33
 75759 | Elf:3    | Identified the +3 long sword of the Pure Stories {protect,
                  | Str+4 SInv}
 76392 | Elf:3    | Learned a level 8 spell: Lehudib's Crystal Spear
 77726 | Elf:3    | Reached skill level 15 in Spellcasting
 78089 | Elf:3    | Offered knowledge of Fire Storm by Vehumet.
 78089 | Elf:3    | Offered knowledge of Ignition by Vehumet.
 78089 | Elf:3    | Offered knowledge of Absolute Zero by Vehumet.
 78108 | Elf:3    | Identified the +10 crystal plate armour of Zin's Hope
                  | {Will++}
 78783 | Vaults:1 | Entered Level 1 of the Vaults
 79902 | Vaults:1 | Reached XP level 21. HP: 91/130 MP: 16/36
 79905 | Vaults:1 | Found Nos Moar's General Store.
 81031 | Vaults:1 | Identified the +2 robe "Riafec" {rPois rF- Str+9}
 81375 | Orc:2    | Bought a scroll of teleportation for 45 gold pieces
 81743 | Vaults:1 | Reached skill level 15 in Fighting
 86445 | Vaults:2 | Learned a level 2 spell: Blink
 86896 | Vaults:2 | Reached skill level 1 in Translocations
 88488 | Vaults:3 | Reached skill level 15 in Evocations
 89555 | Vaults:3 | Got a faintly glowing iron ring
 89869 | Vaults:3 | Reached XP level 22. HP: 140/140 MP: 28/36
 90409 | Vaults:3 | Noticed Sojobo
 91798 | Vaults:3 | Killed Sojobo
 92410 | Vaults:3 | Found a staircase to the Crypt.
 93142 | Vaults:3 | Identified the ring "Pomnih" {*Drain +Blink rPois Int+3}
                  | (You found it on level 3 of the Vaults)
 93389 | Vaults:4 | Reached skill level 26 in Earth Magic
 94883 | Vaults:5 | Entered Level 5 of the Vaults
 94886 | Vaults:5 | Reached skill level 27 in Earth Magic
 94893 | Vaults:5 | Noticed Jory
 95040 | Vaults:5 | Killed from afar by Jory

Illustrated notes

Levels and vault maps discovered:
D:1:      minmay_arrival_three_doors, layout_loops_ring,
          hangedman_decor_peaks_small, minmay_misc_feat_columns,
          minmay_distorted
D:2:      layout_rooms, tso_metal_star
D:3:      lemuel_upstairs_altar, layout_basic, doesnt_xom_only_xom,
          nemelex_xobeh_ov_fountains_minmay, uniq_purgy, uniq_ijyb
D:4:      minmay_octagon_keep, layout_basic
D:5:      layout_layer_cave, gammafunk_temple_of_torment, uniq_grinder
D:6:      minmay_razor_zed, layout_loops_ring, nicolae_qazlal_general_emergency,
          fedhas_altar_decomposition, serial_bayou_lake_a
D:7:      layout_loops_ring, grunt_temple_overflow_opulence,
          eat_drink_and_be_merry_uskayaw, minmay_temple_entry_statues,
          minmay_misc_feat_tiny
D:8:      layout_loops_corners, dpeg_lair_monsters,
          chequers_serial_rivers_small_a, minmay_fractal_squares_5, uniq_pikel
D:9:      layout_loops_corners, nicolae_ru_the_path_less_chosen, tgw_sif,
          grunt_livestock, evilmike_ruin_ashenzari, uniq_harold
D:10:     layout_basic, uniq_fannar
D:11:     layout_loops_ring, david_orc_4, gauntlet_entry_generic
D:12:     layout_long_grid, serial_glass, glass_columns_a, glass_columns_a,
          basic_altar, serial_shops, kennysheep_mini, jiyva_altar_1,
          uniq_frances, uniq_rupert
D:13:     layout_cave_pools
D:14:     layout_long_grid, david_vaults_4, minmay_stone_trees_medium
D:15:     gammafunk_enter_depths_forms, layout_basic, minivault_26,
          elyvilon_altar_5
Temple:   minmay_temple_curvy_loop
Lair:1:   layout_chaotic_city
Lair:2:   layout_layer_cave, shoals_dummy_entry, spider_nest_entry_web_field,
          lemuel_fruit_tree, grunt_megastairs_4
Lair:3:   layout_regular_city, zaba_anthell, infiniplex_staircase_pool,
          grunt_megastairs_5
Lair:4:   layout_hall_layers, grunt_forest_stairs_basic, st_stairs_10,
          serial_bayou_shore_b, uniq_sonja
Lair:5:   layout_roguey, slime_dummy, beast_lair_carwin_4
Lair:6:   minmay_lair_end_frog_pond, layout_misc_corridors, enter_volcano_2
Shoals:1: layout_shoals, nicolae_shoals_water_elemental_grotto
Shoals:2: layout_shoals, amcnicky_altar_lugonu_corruption, uniq_ilsuiw
Shoals:3: layout_shoals, nicolae_shoals_siren_and_animal_friends, uniq_donald
Shoals:4: shoals_end_hangedman, layout_shoals, uniq_polyphemus
Spider:1: layout_spider_delve, gammafunk_ghost_necromancy, uniq_jorgrun
Spider:2: layout_spider_delve, uniq_aizul, uniq_kirke, uniq_roxanne
Spider:3: layout_chambers
Spider:4: spider_rune_water, drop_trap, uniq_bai_suzhen
Orc:1:    layout_diamond_mine, serial_shops, nicolae_shop_waterfront, shop,
          shop, nicolae_shop_trees, shop
Orc:2:    grunt_orc_community_town_hall, layout_caves,
          grunt_orc_community_big_house_1, grunt_orc_community_big_house_1,
          grunt_orc_community_house_1, grunt_orc_community_house_1,
          grunt_orc_community_house_2, grunt_orc_community_house_2,
          grunt_orc_community_house_1
Elf:1:    minmay_elf_arrival_circle, layout_gridlike, minivault_28
Elf:2:    layout_geoelf_grid, serial_shops, shop, serial_glass, glass_columns_b,
          glass_columns_b, glass_columns_a, glass_columns_a, glass_columns_b,
          glass_columns_a, glass_columns_c, glass_columns_a, uniq_agnes
Elf:3:    grunt_elf_hall_asides, layout_geoelf_castle, st_stairs_6,
          grunt_megastairs_1
Vaults:1: vaults_room_pools, nicolae_vaults_inception_corners,
          nicolae_vaults_big_angled_halls, nicolae_vaults_triangles, v_rooms_6,
          v_misc_31, serial_ice_b, layout_vaults_maze_snakey, serial_shops,
          shop_statue
Vaults:2: nicolae_vaults_network_quincunx
          [nicolae_vaults_network_quincunx_subvault,
          nicolae_vaults_network_quincunx_subvault,
          nicolae_vaults_network_quincunx_subvault,
          nicolae_vaults_network_quincunx_subvault,
          nicolae_vaults_network_quincunx_subvault], vaults_room_fancy_cross,
          hangedman_vaults_stagger, v_alt_pattern_5, layout_vaults_big_room
Vaults:3: grunt_vaults_swirl, minmay_crypt_entry_simple_box, v_alt_pattern_2,
          vaults_room_hallway, vaults_room_door_hall, v_pattern_4,
          hangedman_vaults_trim, vaults_standard_mumra_x, v_misc_25,
          layout_vaults_omnibox, uniq_sojobo
Vaults:4: nicolae_vaults_statue_guard, hangedman_vaults_variations,
          vaults_dpeg_hooks, nicolae_vaults_little_squares_2, v_misc_24,
          nicolae_vaults_little_ls, v_misc_2, ontoclasm_vaults_eye,
          nicolae_vaults_network_square, nicolae_vaults_circle_grid_a,
          vaults_mumra_lcd, hangedman_vaults_trim, layout_vaults_big_cross
Vaults:5: serial_shops, uniq_jory, uniq_xtahua

Skill      XL: |  1  2  3  4  5  6  7  8  9 10 11 12 13 14 15 16 17 18 19 20 21 22 |
---------------+-------------------------------------------------------------------+-----
Earth Magic    | 4 5 6 7 8 9 12 15 16 19 20 22 25 27 | 27.0
Shields        | 4 |  4.0
Spellcasting   | 3 9 10 11 12 13 15 | 15.0
Fighting       | 5 10 13 15 | 15.0
Transmutations | 1 5 |  5.1
Evocations     | 5 8 10 15 | 15.0
Conjurations   | 5 14 15 | 15.0
Necromancy     | 3 5 |  5.0
Fire Magic     | 3 |  3.0
Hexes          | 6 8 |  8.0
Dodging        | 5 6 |  6.2
Air Magic      | 2 |  2.1
Poison Magic   | 5 |  5.0
Translocations | 3 |  3.0
Stealth        | |  2.1

Action                   |  1- 3 |  4- 6 |  7- 9 | 10-12 | 13-15 | 16-18 | 19-21 | 22-24 || total
-------------------------+-------+-------+-------+-------+-------+-------+-------+-------++-------
Melee: Unarmed           |    49 |    29 |    68 |       |       |       |       |       ||   146
       Hunting sling     |       |       |       |       |   277 |       |       |       ||   277
       Whip              |       |       |       |       |   108 |   351 |    11 |    16 ||   486
 Fire: Hunting sling     |       |       |   197 |   123 |     5 |       |       |       ||   325
Throw: Stone             |     1 |       |       |       |       |       |       |       ||     1
       Dart              |       |       |       |       |       |     5 |       |       ||     5
 Cast: Sandblast         |    36 |    76 |    26 |    78 |    73 |       |       |       ||   289
       Lee's Rapid Decon |       |     7 |    46 |   215 |   157 |     8 |       |       ||   433
       Borgnjor's Vile C |       |       |       |     4 |   158 |   128 |    12 |     6 ||   308
       Bolt of Magma     |       |       |       |       |   152 |    69 |       |       ||   221
       Iron Shot         |       |       |       |       |    79 |   249 |    54 |     3 ||   385
       Yara's Violent Un |       |       |       |       |     1 |       |       |       ||     1
       Orb of Destructio |       |       |       |       |       |    45 |       |       ||    45
       Olgreb's Toxic Ra |       |       |       |       |       |    57 |       |       ||    57
       Shatter           |       |       |       |       |       |   129 |   423 |    73 ||   625
       Lehudib's Crystal |       |       |       |       |       |       |    32 |    47 ||    79
 Abil: Fly               |       |       |       |       |     1 |     1 |       |     1 ||     3
       Stop Flying       |       |       |       |       |     1 |       |       |     1 ||     2
Evoke: Wand              |       |       |       |       |     1 |    12 |       |       ||    13
       Phantom mirror    |       |       |       |       |       |     1 |       |       ||     1
       Condenser vane    |       |       |       |       |       |     1 |       |       ||     1
  Use: Scroll            |     1 |     2 |     5 |    13 |    10 |    15 |    12 |     5 ||    63
       Potion            |     1 |     2 |       |     1 |       |     3 |     5 |     5 ||    17
Armor: Robe              |    19 |    23 |   104 |    86 |   322 |   556 |    72 |    42 ||  1224
Dodge: Dodged            |    52 |    45 |   112 |    81 |   295 |   503 |    61 |    33 ||  1182
Block: Buckler           |       |       |    56 |    37 |   403 |   573 |    70 |    45 ||  1184
       Reflection        |       |       |       |       |    22 |    51 |    19 |     9 ||   101

Table legend: (Time is in decaauts)
 A = Elapsed time spent in this place.
 B = Non-inter-level travel time spent in this place.
 C = Inter-level travel time spent in this place.
 D = Time resting spent in this place.
 E = Time spent auto-exploring this place.
 F = Levels seen in this place.
 G = Mean time per level.
                   A        B        C        D        E       F      G
               +--------+--------+--------+--------+--------+-----+--------+
         Total |  95648 |  87652 |   7996 |  26443 |  50552 |  41 | 2332.9 |
       Dungeon |  30053 |  26662 |   3391 |   3697 |  19190 |  15 | 2003.5 |
        Temple |    274 |    242 |     32 |      0 |    240 |   1 |  274.0 |
          Lair |  16454 |  14917 |   1537 |   3428 |   9539 |   6 | 2742.3 |
        Shoals |  11653 |  10889 |    764 |   3738 |   6030 |   4 | 2913.2 |
   Spider Nest |  10731 |  10257 |    474 |   4180 |   4959 |   4 | 2682.8 |
  Orcish Mines |   4268 |   3932 |    336 |   1200 |   2139 |   2 | 2134.0 |
   Elven Halls |   8147 |   7407 |    740 |   4120 |   2675 |   3 | 2715.7 |
        Vaults |  13396 |  12676 |    720 |   5876 |   5456 |   5 | 2679.2 |
      Gauntlet |    668 |    668 |      0 |    204 |    324 |   1 |  668.0 |
               +--------+--------+--------+--------+--------+-----+--------+

Top non-repeatable levels by time:
Spider:3: 4931 daAuts
   Elf:3: 4825 daAuts
Vaults:3: 4789 daAuts
  Lair:5: 4528 daAuts
Vaults:1: 4053 daAuts
Shoals:2: 3557 daAuts
Shoals:3: 3529 daAuts
Spider:1: 3431 daAuts
  Lair:2: 3252 daAuts
    D:12: 3210 daAuts
    D:11: 3030 daAuts
     D:8: 2962 daAuts
   Orc:2: 2931 daAuts
    D:14: 2917 daAuts
  Lair:6: 2762 daAuts
